 Dungeon Crawl Stone Soup version 0.30-a0-553-g7fabdf1491 (webtiles) character file.

Game seed: 13134513898582000605

6108 kae the Transmogrifier (level 10, 0/80 HPs)
             Began as a Demonspawn Transmuter on Dec 26, 2022.
             Slain by a two-headed ogre
             ... wielding a +0 giant club
              (21 damage)
             ... on level 8 of the Dungeon.
             The game lasted 00:12:44 (10007 turns).

kae the Transmogrifier (Demonspawn Transmuter)     Turns: 10007, Time: 00:12:45

Health: 0/80       AC:  8    Str: 12    XL:     10   Next: 58%
Magic:  0/23       EV: 10    Int: 17    God:
Gold:   473        SH:  0    Dex: 14    Spells: 11/21 levels left

rFire   x . .      SeeInvis .      - Unarmed
rCold   + + +      Faith    +    (shield currently unavailable)
rNeg    . . .      Spirit   +    (body armour currently unavailable)
rPois   +          Reflect  .    (helmet currently unavailable)
rElec   .          Harm     .    (cloak currently unavailable)
rCorr   .          Rampage  .    (gloves currently unavailable)
Will    .....                    (boots currently unavailable)
Stlth   +                        r
                                   - Hermit's Pendant {Faith Invo=14 Evo=0 MP+5}
HPRegen 0.33/turn                (no ring)
MPRegen 0.36/turn                (no ring)

@: ice-form
A: freezing attack, amphibious, boosted hp, large, (antennae 2), powered by
death 2, magic shield, magic regeneration, (talons 1), low MP 1
a: End Transformation


You were on level 8 of the Dungeon.
You were a creature of crystalline ice.
You visited 2 branches of the dungeon, and saw 10 of its levels.
You also visited: Sewer and Ossuary.

You collected 503 gold pieces.
You spent 30 gold pieces at shops.


Innate Abilities, Weirdness & Mutations

You are a creature of crystalline ice.
You have a powerful freezing melee attack.
You are amphibious.
Your maximum health is increased.
Your armour is entirely melded.
You are incapable of wielding weapons or throwing items.
((You have a pair of antennae on your head.))
You regenerate health from kills.
When hurt, damage is shared between your health and your magic reserves.
You regenerate magic rapidly.
((You have sharp toenails.))
Your magical capacity is low. (-10% MP)


   Skills:
 + Level 2.1 Fighting
 + Level 2.5 Dodging
 * Level 6.9 Unarmed Combat
 + Level 6.2 Spellcasting
 + Level 8.7 Transmutations
 - Level 7.3 Ice Magic
 - Level 2.9 Poison Magic


You had 11 spell levels left.
You knew the following spells:

 Your Spells              Type           Power      Damage    Failure   Level
a - Beastly Appendage     Tmut           68%        N/A       1%          1
b - Wereblood             Tmut           34%        N/A       1%          2
c - Spider Form           Tmut/Pois      25%        N/A       3%          3
d - Ice Form              Ice/Tmut       32%        N/A       4%          4

Your spell library contained the following spells:

 Spells                   Type           Power      Damage    Failure   Level
 Necrotise                Necr           20%        1d5       13%         1
 Dazzling Flash           Conj/Hex       10%        N/A       36%         3
 Vampiric Draining        Necr           5%         2d6       36%         3
 Iskenderun's Mystic Bla  Conj/Tloc      5%         2d3       77%         4
 Agony                    Necr           5%         N/A       98%         5
 Starburst                Conj/Fire      2%         6d3       100%        6

Inventory:

Missiles
 c - 64 stones
 k - 10 javelins
 o - 14 boomerangs
 s - 5 curare-tipped darts {=f}
 t - 16 poisoned darts
Armour
 a - a +2 robe (melded)
 q - a +2 cloak (melded)
   (You took it off Crazy Yiuf on level 2 of the Dungeon)
Jewellery
 g - an amulet of regeneration
   (You found it on level 8 of the Dungeon)
 r - the Hermit's Pendant (around neck) {Faith Invo=14 Evo=0 MP+5}
   (You found it on level 3 of the Dungeon)

   [amulet of faith]

   It sets your invocations skill to 14 and your evocations skill to 0.
   It allows you to gain divine favour quickly.
   MP:        It affects your magic capacity (+5).
 A - an amulet of the acrobat
   (You found it on level 6 of the Dungeon)
 C - a ring of ice
   (You found it on level 8 of the Dungeon)
Wands
 v - a wand of polymorph (10)
   (You found it on level 4 of the Dungeon)
 F - a wand of quicksilver (6)
   (You found it on level 7 of the Dungeon)
Scrolls
 h - a scroll of enchant armour
 i - a scroll of blinking {!r}
 l - 2 scrolls of fear
 w - a scroll of amnesia
 x - 4 scrolls of identify {@r1}
 y - 2 scrolls of magic mapping {!r}
 D - a scroll of teleportation {@r4}
 E - 3 scrolls of vulnerability {!r!r}
 G - 3 scrolls of fog
Potions
 b - 4 potions of lignification {!q}
 d - a potion of ambrosia
 e - 7 potions of curing {@q1}
 f - 6 potions of flight
 j - 5 potions of mutation {!q}
 m - 3 potions of magic
 n - 3 potions of brilliance
 p - 2 potions of heal wounds {@q2}
 u - a potion of degeneration {!q}
 z - a potion of cancellation
 B - 2 potions of resistance
 H - 2 potions of attraction {!q}

Dungeon Overview and Level Annotations

Branches:
Dungeon (9/15) Zot: 26698  Temple (1/1) D:5 Zot: 5798   Sewer (visited)
Ossuary (visited)
   Lair: D:8-11         Orc: D:9-12

Altars:
Ashenzari
Dithmenos
Fedhas
Gozag
Kikubaaqudgha
Makhleb
Nemelex Xobeh
Okawaru
Qazlal
Sif Muna
Trog
Uskayaw
Vehumet
Wu Jian
Xom
Yredelemnul

Shops:
D:1 !

Annotations:
D:9 Erolcha

##...######....#
#..##...⌠#[...#
#..#.._..#8'8..
##.#.######.#..
##.#.....'..#..
##..#.....'..#..
#...#.######)#..
###############.#.#.._..#8'8..
#............YO...##...⌠#.....
################...######....#
#.............#
#.......###..## ##...####
###.. #...# ###. #...# ####...
##..####......
#####...........[


You could see a two-headed ogre.


Message History

Items here: )) [[.
No target in view!
No target in view!
You howl as the wereblood boils in your veins!
There is a large open translucent door here. 😎 MP[+1] 😎 MP[+1]
You howl as the wereblood boils in your veins!
Found a hide-covered altar of Uskayaw. 😎 MP[+1] 😎 MP[+1]
Your mp is fully restored (23).
Found an ancient bone altar of Kikubaaqudgha.
You howl as the wereblood boils in your veins!
You howl as the wereblood boils in your veins!
You howl as the wereblood boils in your veins!
There is an ancient bone altar of Kikubaaqudgha here.
Done exploring.
Unknown command.
Press < or > to pray at altars.
Done exploring.
Unknown command.
Press < or > to pray at altars.
Done exploring.
Done exploring.
Okay, then.
(D) Dungeon (T) Temple
Where to? (Enter - D:8 @ (x,y), ? - help)
You howl as the wereblood boils in your veins!
You howl as the wereblood boils in your veins!
You howl as the wereblood boils in your veins!
You howl as the wereblood boils in your veins!
There is a large open translucent door here.
You howl as the wereblood boils in your veins!
Items here: )) [[.
There is an open door here.
Your transformation is almost over.
You howl as the wereblood boils in your veins!
You howl as the wereblood boils in your veins!
Your primal bloodlust is almost over.
You howl as the wereblood boils in your veins!
You warm up again.
Your +2 cloak unmelds from your body.
Your +2 robe unmelds from your body.
Your primal bloodlust has ended.
There is a stone staircase leading down here.
You climb downwards.
Level annotation: Erolcha The two-headed ogre shouts in stereo!
The two-headed ogre hits you with a +0 giant club!
The two-headed ogre hits you with a +0 giant spiked club.
There is a stone staircase leading up, spattered with blood here. 😕 HP[-28] MP[-4]
You now have 67 max hp (-13).
You take 28 damage, and now have 52/67 hp.
MASSIVE DAMAGE!! (PAUSE)
You lost 4 mp, and now have 19/23 mp.
Unknown command.
The two-headed ogre misses you. The two-headed ogre closely misses you.
You climb upwards.
There is a stone staircase leading down here. 😕 HP[+1] MP[+1]
Casting: Wereblood (safe; 1% risk of failure)
Confirm with . or Enter, or press ? or * to list all spells.
You turn into a creature of crystalline ice.
Your +2 cloak melds into your body.
Your +2 robe melds into your body.
The two-headed ogre hits you with a +0 giant club!
The two-headed ogre misses you. 😮 HP[-2] MP[-7]
You now have 80 max hp (+13).
You lost 7 mp, and now have 13/23 mp.
You punch the two-headed ogre! You freeze the two-headed ogre.
The two-headed ogre hits you with a +0 giant club!
The two-headed ogre completely misses you. 😮 HP[-9] MP[-2]
You take 9 damage, and now have 42/80 hp.
You lost 2 mp, and now have 11/23 mp.
You hit the two-headed ogre. You freeze the two-headed ogre.
Unknown command.
You hit the two-headed ogre. You freeze the two-headed ogre.
The two-headed ogre barely misses you. x2 😮 HP[+1] Unknown command.
You hit the two-headed ogre.
You freeze the two-headed ogre. 😮 MP[+1] Unknown command.
You hit the two-headed ogre. You freeze the two-headed ogre.
The two-headed ogre hits you with a +0 giant club!!
* * * LOW HITPOINT WARNING * * *
The two-headed ogre misses you. 😨 HP[-17] MP[-5]
You take 17 damage, and now have 26/80 hp.
MASSIVE DAMAGE!! (PAUSE)
You lost 5 mp, and now have 7/23 mp.
You hit the two-headed ogre but do no damage. 😨 HP[+1] Unknown command.
You punch the two-headed ogre! You freeze the two-headed ogre.
The two-headed ogre hits you with a +0 giant club!
* * * LOW HITPOINT WARNING * * *
The two-headed ogre hits you with a +0 giant spiked club!!
You die...

Skill      XL: |  1  2  3  4  5  6  7  8  9 10 |
---------------+-------------------------------+-----
Transmutations | 2 3 4 5 6 8 |  8.7
Unarmed Combat | 3 4 5 6 |  6.9
Poison Magic   | 1 2 |  2.9
Spellcasting   | 3 4 5 6 |  6.2
Ice Magic      | 1 3 5 6 7 |  7.3
Dodging        | 2 |  2.5
Fighting       | 2 |  2.1

Action                   |  1- 3 |  4- 6 |  7- 9 | 10-12 || total
-------------------------+-------+-------+-------+-------++-------
Melee: Unarmed           |    90 |   166 |   348 |   167 ||   771
       Kick              |    18 |    12 |     3 |       ||    33
       Headbutt          |     9 |       |       |       ||     9
       Punch             |     2 |     1 |     1 |       ||     4
 Cast: Beastly Appendage |    21 |    12 |       |       ||    33
       Spider Form       |     3 |    21 |     9 |       ||    33
       Ice Form          |       |     3 |    28 |    15 ||    46
       Wereblood         |       |       |     5 |     7 ||    12
 Abil: End Transformatio |       |       |     1 |       ||     1
Evoke: Wand              |       |       |       |     1 ||     1
  Use: Scroll            |       |    12 |    13 |       ||    25
       Potion            |       |       |     7 |       ||     7
 Stab: Sleeping          |     1 |       |     1 |       ||     2
       Distracted        |       |       |     1 |       ||     1
Armor: Robe              |    17 |     7 |     3 |       ||    27
       Skin              |     1 |    12 |   114 |    69 ||   196
Dodge: Dodged            |    54 |   145 |   184 |    81 ||   464

Levels and vault maps discovered:
D:1:      evilmike_arrival_plus, layout_basic, serial_shops, shop,
          ebering_ecumenical_altar_hall
D:2:      minmay_evil_eye, layout_loops_ring, uniq_natasha,
          uniq_crazy_yiuf_cottage
D:3:      layout_loops_corners, portal_sewer_entry_e,
          hellmonk_guarded_unrand_hermit, uniq_jessica
D:4:      layout_loops_cross, minmay_three_crescents, uniq_blork_the_orc
D:5:      layout_loops_ring, minmay_temple_entry_drinking_statues,
          nicolae_ossuary_entry_catacombs, uniq_duvessa, uniq_sigmund
D:6:      layout_rooms, minivault_22, hex_large, serial_bayou_lagoon_a,
          minmay_misc_feat_five, nicolae_zen_rock_garden
D:7:      layout_basic, columned_hall_lemuel
D:8:      layout_cave_pods, jmf_multi_god_temple2, minmay_crystal_water,
          nicolae_two_hexagons
D:9:      layout_long_grid, nicolae_ru_path_of_blood, kennysheep_slug_shrine,
          uniq_joseph, uniq_erolcha
Temple:   bh_familiar_temple

Notes
Turn   | Place    | Note
-------+----------+-------------------------------------------
     0 | D:1      | kae the Demonspawn Transmuter began the quest for the Orb.
     0 | D:1      | Reached XP level 1. HP: 15/15 MP: 3/3
     0 | D:1      | magus.rc [v1.11.3]
    57 | D:1      | Reached skill level 2 in Transmutations
    88 | D:1      | Gained mutation: You regenerate a little health from kills.
                  | [demonic ancestry]
    88 | D:1      | Reached XP level 2. HP: 15/21 MP: 3/5
   102 | D:1      | Learned a level 2 spell: Wereblood
   170 | D:1      | Found Jitsol's Distillery.
   196 | D:1      | Bought a potion of curing for 30 gold pieces
   216 | D:1      | Found a faded altar of an unknown god.
   324 | D:1      | You pick up a book of Spectacle and begin reading...
   324 | D:1      | You add the spells Dazzling Flash, Iskenderun's Mystic
                  | Blast and Starburst to your library.
   582 | D:1      | Reached skill level 3 in Unarmed Combat
   585 | D:1      | Gained mutation: You regenerate health from kills. [demonic
                  | ancestry]
   585 | D:1      | Reached XP level 3. HP: 26/26 MP: 4/6
   589 | D:1      | Learned a level 3 spell: Spider Form
   824 | D:2      | Noticed Natasha
   831 | D:2      | Killed Natasha
   943 | D:2      | You fall into a shaft and drop 1 floor!
  1018 | D:3      | Reached skill level 1 in Poison Magic
  1087 | D:3      | Identified the +0 chain mail of Jeysiaci {Dex+7}
  1213 | D:3      | Noticed Jessica
  1241 | D:3      | Killed Jessica
  1242 | D:3      | Reached skill level 3 in Transmutations
  1242 | D:3      | Gained mutation: You have a pair of small antennae on your
                  | head. [demonic ancestry]
  1242 | D:3      | Reached XP level 4. HP: 32/32 MP: 4/7
  1303 | D:3      | Found a glowing drain.
  1308 | Sewer    | Entered a sewer
  1586 | Sewer    | Reached skill level 2 in Poison Magic
  1763 | Sewer    | Reached XP level 5. HP: 32/37 MP: 7/9
  1962 | Sewer    | HP: 5/37 [bullfrog (6)]
  1966 | Sewer    | Reached skill level 3 in Spellcasting
  1968 | Sewer    | Reached XP level 6. HP: 14/43 MP: 7/10
  2523 | D:2      | Noticed Natasha
  2524 | D:2      | Learned a level 4 spell: Ice Form
  2531 | D:2      | Killed Natasha
  2532 | D:2      | Reached skill level 4 in Transmutations
  2676 | D:2      | Noticed Natasha
  2687 | D:2      | Killed Natasha
  2927 | D:2      | Found a runed translucent door.
  2928 | D:2      | Noticed Crazy Yiuf
  3430 | D:2      | Killed Crazy Yiuf
  3431 | D:2      | Reached skill level 1 in Ice Magic
  4017 | D:3      | Found a faded altar of an unknown god.
  4017 | D:3      | Found the Hermit's Pendant {Faith Invo=14 Evo=0 MP+5}
  4187 | D:4      | Noticed Blork the orc
  4198 | D:4      | Killed Blork the orc
  4214 | D:4      | Gained mutation: You have a pair of antennae on your head.
                  | [demonic ancestry]
  4214 | D:4      | Reached XP level 7. HP: 47/48 MP: 17/17
  4401 | D:4      | Reached skill level 4 in Unarmed Combat
  4401 | D:4      | Reached skill level 2 in Ice Magic
  5088 | D:5      | Entered Level 5 of the Dungeon
  5088 | D:5      | Noticed Sigmund
  5168 | D:5      | Noticed Dowan
  5214 | D:5      | Killed Dowan
  5239 | D:5      | Reached skill level 5 in Transmutations
  5239 | D:5      | Reached skill level 3 in Ice Magic
  5269 | D:5      | Reached skill level 4 in Spellcasting
  5269 | D:5      | Gained mutation: You regenerate magic rapidly. [demonic
                  | ancestry]
  5269 | D:5      | Reached XP level 8. HP: 36/54 MP: 18/18
  5271 | D:5      | Found a staircase to the Ecumenical Temple.
  5279 | Temple   | Entered the Ecumenical Temple
  5584 | D:5      | Found a sand-covered staircase.
  5603 | Ossuary  | Entered an ossuary
  5616 | Ossuary  | Gained mutation: Potions are less effective at restoring
                  | your health. [potion of mutation]
  5616 | Ossuary  | Lost mutation: Potions are less effective at restoring your
                  | health. [potion of mutation]
  5616 | Ossuary  | Gained mutation: You have sharp toenails. [potion of
                  | mutation]
  5623 | Ossuary  | Gained mutation: Your magical capacity is low. (-10% MP)
                  | [mutagenic glow]
  5671 | Ossuary  | Reached skill level 4 in Ice Magic
  5692 | Ossuary  | Reached skill level 6 in Transmutations
  5817 | Ossuary  | Reached skill level 5 in Unarmed Combat
  6090 | D:5      | Reached skill level 5 in Ice Magic
  6123 | D:5      | Noticed Duvessa
  6138 | D:5      | Killed Duvessa
  6139 | D:5      | Gained mutation: When hurt, damage is shared between your
                  | health and your magic reserves. [demonic ancestry]
  6139 | D:5      | Reached XP level 9. HP: 33/59 MP: 17/17
  6186 | D:5      | Killed Sigmund
  6187 | D:5      | Reached skill level 5 in Spellcasting
  6207 | D:5      | You pick up a book of Necromancy and begin reading...
  6207 | D:5      | You add the spells Necrotise, Vampiric Draining and Agony
                  | to your library.
  6286 | D:5      | Reached skill level 7 in Transmutations
  6753 | D:6      | Reached skill level 6 in Ice Magic
  7658 | D:7      | Reached skill level 6 in Unarmed Combat
  7727 | D:7      | Reached skill level 8 in Transmutations
  7727 | D:7      | Reached XP level 10. HP: 65/65 MP: 18/18
  7908 | D:7      | Reached skill level 7 in Ice Magic
  8280 | D:8      | Noticed a two-headed ogre
  8288 | D:8      | Killed a two-headed ogre
  8289 | D:8      | Reached skill level 6 in Spellcasting
  8642 | D:8      | Found a large runed translucent door.
  8644 | D:8      | Found a large runed translucent door.
  8775 | D:8      | Reached skill level 2 in Dodging
  9152 | D:8      | You pick up a book of Necromancy and begin reading...
  9707 | D:9      | Noticed Erolcha
  9710 | D:9      | Noticed a two-headed ogre
  9774 | D:9      | HP: 20/80 [something (20)]
  9785 | D:9      | Reached skill level 2 in Fighting
  9963 | D:8      | Found a hide-covered altar of Uskayaw.
  9968 | D:8      | Found an ancient bone altar of Kikubaaqudgha.
 10007 | D:8      | Slain by a two-headed ogre

Vanquished Creatures
  A two-headed ogre (D:8)
  Sigmund (D:5)
  A shadow (D:9)
  A steam dragon (D:8)
  Duvessa (D:5)
  2 water moccasins
  2 ice beasts
  2 sky beasts
  2 orc warriors
  3 black bears
  4 centaurs
  2 ogres
  3 kobold brigands
  Blork the orc (D:4)
  6 bullfrogs
  2 necrophages
  A gnoll sergeant (D:5)
  An elf skeleton (D:5)
  2 scorpions
  A water moccasin zombie (Ossuary)
  9 wights
  Dowan (D:5)
  A howler monkey (D:9)
  2 electric eels (D:8)
  8 bullfrog zombies (Ossuary)
  4 centaur zombies (Ossuary)
  Crazy Yiuf (D:2)
  7 orc priests
  3 hounds
  3 jellies
  Jessica (D:3)
  2 human skeletons (D:5)
  5 iguanas
  Natasha (thrice) (D:2)
  5 orc wizards
  2 killer bee zombies (Ossuary)
  8 mummies (Ossuary)
  8 gnolls
  3 howler monkey zombies (Ossuary)
  10 adders
  A shadow imp (D:6)
  A white imp (D:8)
  3 ufetubi (D:5)
  4 worms
  5 dart slugs
  32 orcs
  8 endoplasms
  7 giant cockroaches
  3 goblins
  13 hobgoblins
  3 jackals (D:1)
  7 quokkas
  12 ball pythons
  5 bats
  6 frilled lizards
  14 kobolds
  3 orc skeletons (D:5)
  6 rats
258 creatures vanquished.

Vanquished Creatures (others)
  An orc (D:8)
  19 plants (D:6)
  2 withered plants (Ossuary)
22 creatures vanquished.

Grand Total: 280 creatures vanquished

Table legend:
 A = Non-vault XP
 B = Vault XP
 C = Vault XP percentage of total XP
 D = Non-vault monster count
 E = Vault monster count
 F = Vault count percentage of total count
                 A         B        C        D         E       F
            +---------+---------+-------+---------+---------+-------
      Total |    6368 |    2358 |  27.0 |     177 |      81 |  31.4
            +---------+---------+-------+---------+---------+-------
        D:1 |      45 |       0 |   0.0 |      24 |       0 |   0.0
        D:2 |     106 |      87 |  45.1 |      14 |       6 |  30.0
        D:3 |      72 |      74 |  50.7 |      16 |       2 |  11.1
        D:4 |     215 |     230 |  51.7 |      14 |       7 |  33.3
        D:5 |    1037 |     608 |  37.0 |      28 |       9 |  24.3
        D:6 |    1169 |       0 |   0.0 |      18 |       0 |   0.0
        D:7 |    1520 |       0 |   0.0 |      39 |       0 |   0.0
        D:8 |    1702 |     158 |   8.5 |      20 |       2 |   9.1
        D:9 |     502 |       0 |   0.0 |       4 |       0 |   0.0
      Sewer |       0 |     246 | 100.0 |       0 |      29 | 100.0
    Ossuary |       0 |     955 | 100.0 |       0 |      26 | 100.0
            +---------+---------+-------+---------+---------+-------

Illustrated notes

Table legend:
 A = Kills in this place as a percentage of kills in entire the game.
 B = Kills by you in this place as a percentage of kills by you in the entire game.
 C = Kills by friends in this place as a percentage of kills by friends in the entire game.
 D = Other kills in this place as a percentage of other kills in the entire game.
 E = Experience gained in this place as a percentage of experience gained in the entire game.
 F = Experience gained in this place divided by the number of levels of this place that you have seen.
                   A       B       C       D       E      F
               +-------+-------+-------+-------+-------+----------------------
         Total | 100.0 | 100.0 |   N/A |   N/A | 100.0 | 727.2
       Dungeon |  78.7 |  78.7 |   N/A |   N/A |  86.2 | 836.1
         Sewer |  11.2 |  11.2 |   N/A |   N/A |   2.8 | 246.0
       Ossuary |  10.1 |  10.1 |   N/A |   N/A |  10.9 | 955.0
               +-------+-------+-------+-------+-------+----------------------

Table legend: (Time is in decaauts)
 A = Elapsed time spent in this place.
 B = Non-inter-level travel time spent in this place.
 C = Inter-level travel time spent in this place.
 D = Time resting spent in this place.
 E = Time spent auto-exploring this place.
 F = Levels seen in this place.
 G = Mean time per level.
                   A        B        C        D        E       F      G
               +--------+--------+--------+--------+--------+-----+--------+
         Total |  10069 |   9668 |    401 |    768 |   6633 |  12 |  839.1 |
       Dungeon |   8687 |   8306 |    381 |    516 |   6107 |   9 |  965.2 |
        Temple |    201 |    181 |     20 |      0 |     89 |   1 |  201.0 |
         Sewer |    822 |    822 |      0 |    247 |    321 |   1 |  822.0 |
       Ossuary |    357 |    357 |      0 |      5 |    116 |   1 |  357.0 |
               +--------+--------+--------+--------+--------+-----+--------+

Top non-repeatable levels by time:
     D:8: 1668 daAuts
     D:2: 1391 daAuts
     D:3: 1205 daAuts
     D:5: 1019 daAuts
     D:4: 934 daAuts
   Sewer: 822 daAuts
     D:1: 820 daAuts
     D:7: 800 daAuts
     D:6: 786 daAuts
 Ossuary: 357 daAuts
  Temple: 201 daAuts
     D:9: 60 daAuts
